 Dungeon Crawl Stone Soup version 0.20.0-15-g7f486f2 (webtiles) character file.

952 grindst0ne the Covert (level 8, 0/52 HPs)
             Began as an Octopode Assassin on June 11, 2017.
             Was a Believer of Trog.
             Shot with an arrow by a centaur (8 damage)
             ... on level 5 of the Dungeon.
             The game lasted 00:10:37 (4283 turns).

grindst0ne the Covert (Octopode Assassin)           Turns: 4283, Time: 00:10:38

Health: 0/52       AC:  1    Str: 11    XL:     8   Next: 13%
Magic:  8/8        EV: 13    Int: 13    God:    Trog [**....]
Gold:   225        SH:  5    Dex: 15    Spells: 7/7 levels left

rFire    . . .     SeeInvis .   a - +2 dagger
rCold    . . .     Gourm    .   (no shield)
rNeg     . . .     Faith    .   (helmet restricted)
rPois    .         Spirit   .   s - +5 amulet of reflection
rElec    .         Reflect  +   m - ring of protection from magic
rCorr    .         Harm     .   (no ring)
MR       +....                  (no ring)
Stlth    +++++.....             (no ring)
Regen    0.2/turn               (no ring)
MPRegen  0.2/turn               (no ring)
                                (no ring)
                                (no ring)

@: no status effects
A: almost no armour, stealthy swim, amphibious, 8 rings, constrict 8, camouflage
1, gelatinous body 1
a: Berserk, Trog's Hand, Burn Spellbooks, Renounce Religion


You were on level 5 of the Dungeon.
You worshipped Trog.
Trog was pleased with you.
You were not hungry.

You visited 2 branches of the dungeon, and saw 6 of its levels.

You collected 225 gold pieces.

Inventory:

Hand Weapons
 a - a +2 dagger (weapon)
 b - a +0 blowgun
Missiles
 c - 33 poisoned needles
 d - 2 curare-tipped needles
Jewellery
 k - an uncursed amulet of regeneration
 m - a ring of protection from magic (left tentacle)
 s - a +5 amulet of reflection (around mantle)
Wands
 y - a wand of confusion (16/48)
 A - a wand of polymorph (15/24)
Scrolls
 e - 5 scrolls of remove curse
 h - 3 scrolls of fog {unknown}
 i - 5 scrolls of teleportation {unknown}
 o - 7 scrolls of identify {unknown}
 p - a scroll of amnesia {unknown}
 q - 2 scrolls of recharging {unknown}
 v - a scroll of immolation {unknown}
Potions
 r - a potion of mutation {unknown}
 t - a potion of flight {unknown}
 u - a potion of haste {unknown}
 w - a potion of agility {unknown}
 x - a potion of resistance {unknown}
 z - a potion of curing {unknown}
Comestibles
 f - 2 bread rations
 g - 7 chunks of flesh
 j - 3 royal jellies
 l - 3 meat rations
 B - 2 fruits


   Skills:
 + Level 3.0 Fighting
 + Level 5.4 Short Blades
 - Level 5.1 Throwing
 - Level 1.0 Dodging
 + Level 9.2 Stealth


You had 7 spell levels left.
You didn't know any spells.

Dungeon Overview and Level Annotations

Branches:
Dungeon (5/15)             Temple (1/1) D:4

Altars:
Ashenzari
Cheibriados
Dithmenos
Elyvilon
Fedhas
Gozag
Hepliaklqana
Kikubaaqudgha
Makhleb
Nemelex Xobeh
Okawaru
Qazlal
Ru
Trog
Vehumet
Xom
Yredelemnul
Zin
The Shining One

Shops:
D:4 %


Innate Abilities, Weirdness & Mutations

You cannot wear most types of armour.
You are very stealthy in the water. (Stealth+)
You are amphibious.
You can wear up to eight rings at the same time.
You can use your tentacles to constrict eight enemies at once.
Your skin changes colour to match your surroundings (Stealth+).
Your rubbery body absorbs attacks. (AC +1, EV +1)


Message History

The centaur barely misses you.
You hit the centaur.
The centaur is lightly wounded.
The centaur hits you.
You hit the centaur.
The centaur is moderately wounded.
The centaur closely misses you.
You hit the centaur but do no damage.
The centaur is moderately wounded.
The centaur hits you. The centaur closely misses you.
The centaur wields an uncursed shortbow.
The centaur shoots an arrow.
The arrow hits you.
You hear a shout!
You see here an arrow.
The centaur shoots an arrow.
The arrow hits you!
* * * LOW HITPOINT WARNING * * *
You see here an arrow.
The centaur shoots an arrow.
The arrow hits you!
You die...

(..# #.#### #######.)..#
#.......#### #.#####.## ######
##.#####.(## ##.....##
#.....###).# ##..>....# #.#...#
##.# #>...(..%. #.#...# #@#
#o........ ##.....# #(##
####o.)..>... ###......#
#(.###..(..oo..... ####........#
##.c#.c#####...... #.......#..(#
##(#(##.$[# ..... [..##...#####
####.).#5.∩..# ....
#.......#######..#...##(..##.(o..
#.#...#....##....###..#####... ..
..............##.............. .


You could see a centaur.

Vanquished Creatures
  Eustachio (D:5)
  2 ogres (D:4)
  A phantom (D:5)
  A howler monkey (D:4)
  A crimson imp (D:3)
  A hound (D:5)
  A jelly (D:4)
  An orc priest (D:5)
  A bullfrog skeleton (D:4)
  3 orc wizards
  2 iguanas
  2 worker ants
  8 adders
  2 oozes (D:2)
  An adder zombie (D:5)
  3 worms
  4 dart slugs
  3 leopard geckos (D:5)
  6 orcs
  7 giant cockroaches
  8 goblins
  5 hobgoblins
  7 jackals
  3 quokkas
  5 bats
  3 frilled lizards
  10 kobolds
  2 leopard gecko skeletons (D:4)
  2 quokka skeletons (D:4)
  8 rats
104 creatures vanquished.

Notes
Turn   | Place    | Note
-------+----------+-------------------------------------------
     0 | D:1      | grindst0ne the Octopode Assassin began the quest for the Orb.
     0 | D:1      | Reached XP level 1. HP: 14/14 MP: 1/1
   237 | D:1      | Reached XP level 2. HP: 19/19 MP: 2/2
   617 | D:1      | Reached XP level 3. HP: 24/24 MP: 3/3
   956 | D:2      | Reached skill level 6 in Stealth
  1051 | D:2      | Reached XP level 4. HP: 29/29 MP: 4/4
  1141 | D:2      | Found a sparkling altar of Nemelex Xobeh.
  1179 | D:2      | Found a faded altar of an unknown god.
  1747 | D:3      | Found a bloodstained altar of Trog.
  1748 | D:3      | Found a glowing golden altar of the Shining One.
  1752 | D:3      | Became a worshipper of Trog the Wrathful
  1863 | D:3      | Reached XP level 5. HP: 34/34 MP: 5/5
  2115 | D:3      | Found a glowing silver altar of Zin.
  2146 | D:3      | Found a stormy altar of Qazlal.
  2321 | D:4      | Noticed an ogre
  2337 | D:4      | Killed an ogre
  2337 | D:4      | Reached skill level 7 in Stealth
  2337 | D:4      | Reached XP level 6. HP: 18/39 MP: 6/6
  3083 | D:4      | Found a sacrificial altar of Ru.
  3091 | D:4      | Reached * piety under Trog
  3149 | D:4      | Found a staircase to the Ecumenical Temple.
  3154 | Temple   | Entered the Ecumenical Temple
  3614 | D:4      | Reached XP level 7. HP: 43/45 MP: 7/7
  3632 | D:4      | Reached skill level 8 in Stealth
  3766 | D:4      | Found Dimil's Food Emporium.
  3921 | D:5      | Entered Level 5 of the Dungeon
  3926 | D:5      | Reached skill level 5 in Throwing
  3952 | D:5      | Noticed Eustachio
  3959 | D:5      | Killed Eustachio
  3959 | D:5      | Reached skill level 5 in Short Blades
  4117 | D:5      | Reached XP level 8. HP: 51/51 MP: 8/8
  4170 | D:5      | Reached skill level 9 in Stealth
  4175 | D:5      | Reached ** piety under Trog
  4283 | D:5      | Shot with an arrow by a centaur

Skill      XL: |  1  2  3  4  5  6  7  8 |
---------------+-------------------------+-----
Stealth        | 6 7 8 9 |  9.2
Short Blades   | 3 4 5 |  5.4
Throwing       | 3 4 5 |  5.1
Fighting       | 3 |  3.0
Dodging        | |  1.0

Action                   |  1- 3 |  4- 6 |  7- 9 || total
-------------------------+-------+-------+-------++-------
Melee: Dagger            |    49 |    93 |    61 ||   203
       Constrict         |     9 |    20 |    16 ||    45
       Tentacles         |     4 |    16 |    12 ||    32
 Fire: Blowgun           |       |     8 |       ||     8
Invok: Berserk           |       |     1 |     1 ||     2
  Use: Scroll            |     1 |       |       ||     1
       Potion            |       |       |     2 ||     2
 Stab: Sleeping          |    17 |    21 |    10 ||    48
       Distracted        |     1 |     1 |     2 ||     4
  Eat: Chunk             |       |     9 |     3 ||    12
Armor: Skin              |       |     3 |     2 ||     5
Dodge: Dodged            |    21 |    31 |    16 ||    68
Block: Other             |       |    17 |     4 ||    21
       Reflection        |       |     1 |       ||     1
